Dynamic Boxscore Link
Tucson
Muertos
27-14
3
FINAL
1
Halifax
Chaos
16-23
Summary
Boxscore
Lineups
Recap

2nd Period

1-0 MUEScore
1:52Time
5v5Type
1-1 TiedScore
6:23Time
5v5Type

3rd Period

2-1 MUEScore
10:20Time
PPType
3-1 MUEScore
19:43Time
PPType

Penalties

3rd Period
Adrien Karygiannis (CHA) for Tripping (Minor) at 9:45
Marek Cipera (CHA) for Holding (Minor) at 17:48
MUE
CHA

Tucson Muertos

# Player Pos G A PTS +/- S PIM TOI SB Hits GA TA
12 Hale Labrecque RW 1 1 2 0 4 0 17:12 0 0 0 0
82 Zackary Nowry C 0 1 1 0 3 0 18:19 1 1 0 0
38 Donavon Sorley LW 1 0 1 0 4 0 17:22 1 3 3 0
23 Dalen Palmateer C 0 1 1 0 6 0 18:04 0 1 0 0
88 Elie Van Der Male C 0 1 1 0 3 0 17:12 0 0 1 1
22 Kody Schutz LW 1 0 1 0 3 0 18:29 0 0 4 0
2 Luke Vanni D 0 1 1 1 2 0 25:07 4 3 1 2
0 Leonard Bjorklund RW 0 0 0 0 2 0 07:35 0 0 0 0
0 Braydon Trinh C 0 0 0 0 0 0 07:35 0 0 0 0
6 Vsevolod Neretin D 0 0 0 -1 0 0 14:12 0 2 0 1
5 Akio Nishiwaki D 0 0 0 -1 0 0 14:09 0 2 1 1
28 Feng Xingyi LW 0 0 0 0 1 0 16:44 1 0 0 0
87 Artem Ivalahti RW 0 0 0 0 1 0 17:58 1 1 0 0
24 Bruno-Carl Young RW 0 0 0 0 1 0 17:09 2 1 0 1
95 Zayden Rankine LW 0 0 0 0 0 0 07:35 0 2 0 0
4 Carl Stiles D 0 0 0 0 0 0 20:44 0 4 1 0
9 Marcel Kacmarik D 0 0 0 0 2 0 19:30 0 3 0 1
10 Jaryd Rooke D 0 0 0 1 2 0 25:04 0 4 0 1
# Goalie GA SA SV SV% TOI
1 Lars-Bjorn Sundholm 0 0 0 0.000 0:00
31 Andrew Wiewel 1 27 26 0.963 60:00
MUE
CHA

Muertos

Muertos

5 vs 5 Forward
Line #Left WingCenterRight WingPHYDFOFWanted %Time %Time Play
1Feng XingyiDalen PalmateerArtem Ivalahti0143329%16:44
2Donavon SorleyElie Van Der MaleHale Labrecque0143328%16:02
3Kody SchutzZackary NowryBruno-Carl Young0143330%17:09
4Zayden RankineBraydon TrinhLeonard Bjorklund221113%7:35
5 vs 5 Defense
Line #DefenseDefensePHYDFOFWanted %Time %Time Play
1Luke VanniJaryd Rooke0233533%19:15
2Carl StilesMarcel Kacmarik0323534%19:30
3Akio NishiwakiVsevolod Neretin0322024%13:57
4Luke VanniJaryd Rooke023108%4:48
Power Play Forward
Line #Left WingCenterRight WingPHYDFOFWanted %Time %Time Play
1Kody SchutzDalen PalmateerDonavon Sorley0055053%1:20
2Zackary NowryElie Van Der MaleHale Labrecque0055047%1:10
Power Play Defense
Line #DefenseDefensePHYDFOFWanted %Time %Time Play
1Luke VanniJaryd Rooke0055051%1:16
2Artem IvalahtiCarl Stiles0055049%1:14
Penalty Kill 4 Players Forward
Line #CenterWingPHYDFOFWanted %Time %Time Play
1Donavon SorleyBruno-Carl Young050500%0:00
2Dalen PalmateerKody Schutz050500%0:00
Penalty Kill 4 Players Defense
Line #DefenseDefensePHYDFOFWanted %Time %Time Play
1Akio NishiwakiVsevolod Neretin050500%0:00
2Luke VanniMarcel Kacmarik050500%0:00
Penalty Kill 3 Players
Line #WingPHYDFOFWanted %Time %Time PlayDefenseDefensePHYDFOFWanted %Time %Time Play
1Feng Xingyi050500%0:00 Akio NishiwakiVsevolod Neretin050500%0:00
2Dalen Palmateer050500%0:00 Luke VanniMarcel Kacmarik050500%0:00
4 vs 4 Forward
Line #CenterWingPHYDFOFWanted %Time %Time Play
1Dalen PalmateerFeng Xingyi005500%0:00
2Elie Van Der MaleDonavon Sorley032500%0:00
4 vs 4 Defense
Line #DefensePHYDFOFWanted %Time %Time Play
1Luke VanniCarl Stiles032500%0:00
2Marcel KacmarikJaryd Rooke032500%0:00
Last Minutes Offensive
Left WingCenterRight WingDefenseDefense
Feng XingyiDalen PalmateerHale LabrecqueLuke VanniJaryd Rooke
Last Minutes Defensive
Left WingCenterRight WingDefenseDefense
Donavon SorleyElie Van Der MaleBruno-Carl YoungAkio NishiwakiVsevolod Neretin
Time
Total ForwardTotal DefenseLast Minutes OffensiveLast Minutes Defensive
60:00 60:00 0:000:00
Extra Forwards
Normal PowerPlayPenalty Kill
Dalen Palmateer, Kody Schutz, Donavon SorleyDalen Palmateer, Kody SchutzDalen Palmateer
Extra Defensemen
Normal PowerPlayPenalty Kill
Luke Vanni, Marcel Kacmarik, Carl StilesLuke Vanni, Marcel KacmarikLuke Vanni
Penalty Shots
Akio Nishiwaki, Zayden Rankine, Artem Ivalahti, Feng Xingyi, Hale Labrecque
Goalie
Andrew Wiewel, Lars-Bjorn Sundholm
Custom OT Lines Forwards
Dalen Palmateer, Feng Xingyi, Donavon Sorley, Hale Labrecque, Bruno-Carl Young, Kody Schutz, Elie Van Der Male, Zackary Nowry, Artem Ivalahti, Zayden Rankine
Custom OT Lines Defensemen
Luke Vanni, Carl Stiles, Jaryd Rooke, Vsevolod Neretin, Akio Nishiwaki
Scratches
Casey Mctavish (Sprained Left Knee Injury)
1st Period

0:01 of 1st period - Dalen Palmateer wins face-off versus Nils Lehman in neutral zone.
0:10 of 1st period - Wrist shot by Nils Lehman.
0:10 of 1st period - Shot Blocked by Luke Vanni.
0:14 of 1st period - Slapshot by Adrien Karygiannis.
0:14 of 1st period - Shot Misses the Net.
0:16 of 1st period - Slapshot by Alexis Pitsadiotis.
0:16 of 1st period - Stopped by Andrew Wiewel with a rebound.
0:26 of 1st period - Rodion Noskov is hit by Luke Vanni and loses puck.
0:51 of 1st period - Snap shot by Fox OCallahan.
0:51 of 1st period - Shot Hit the Post.
0:55 of 1st period - Snap shot by Fox OCallahan.
0:55 of 1st period - Deflect By Olaf Brieger.
0:55 of 1st period - Shot Blocked by Bruno-Carl Young.
0:55 of 1st period - Puck is out of play.
0:56 of 1st period - Olaf Brieger wins face-off versus Kody Schutz in Muertos zone.
1:35 of 1st period - Mikhail Chekvin is hit by Akio Nishiwaki and loses puck.
2:19 of 1st period - Snap shot by Kody Schutz.
2:19 of 1st period - Shot Misses the Net.
2:58 of 1st period - Snap shot by Donavon Sorley.
2:58 of 1st period - Shot Blocked by Alexis Pitsadiotis.
3:00 of 1st period - Snap shot by Donavon Sorley.
3:00 of 1st period - Stopped by Thatcher Goodyear with a rebound.
3:50 of 1st period - Luke Vanni is hit by David-Alexandre Williams and loses puck.
4:11 of 1st period - Marek Cipera is hit by Artem Ivalahti and loses puck.
5:45 of 1st period - Off-side.
5:46 of 1st period - Sebastian Rehn wins face-off versus Zayden Rankine in neutral zone.
5:57 of 1st period - Snap shot by Adrien Karygiannis.
5:57 of 1st period - Stopped by Andrew Wiewel with a rebound.
6:13 of 1st period - Pelle Jonson is hit by Carl Stiles and loses puck.
7:09 of 1st period - Slapshot by Elie Van Der Male.
7:09 of 1st period - Stopped by Thatcher Goodyear with a rebound.
7:11 of 1st period - Snap shot by Luke Vanni.
7:11 of 1st period - Stopped by Thatcher Goodyear without a rebound.
7:12 of 1st period - Zackary Nowry wins face-off versus Willem Halward in Chaos zone.
7:17 of 1st period - Wrist shot by Kody Schutz.
7:17 of 1st period - Shot Blocked by Yaroslav Kalyayev.
7:27 of 1st period - Kody Schutz is hit by Johnathon Vreeland and loses puck.
7:38 of 1st period - Pelle Jonson is hit by Jaryd Rooke and loses puck.
8:32 of 1st period - Braydon Trinh is hit by Rodion Noskov and loses puck.
10:36 of 1st period - Wrist shot by Hale Labrecque.
10:36 of 1st period - Stopped by Thatcher Goodyear without a rebound.
10:37 of 1st period - Nils Lehman wins face-off versus Dalen Palmateer in Chaos zone.
10:48 of 1st period - Snap shot by Nils Lehman.
10:48 of 1st period - Shot Misses the Net.
10:50 of 1st period - Snap shot by Mikhail Chekvin.
10:50 of 1st period - Stopped by Andrew Wiewel without a rebound.
10:51 of 1st period - Bruno-Carl Young wins face-off versus Nils Lehman in Muertos zone.
10:51 of 1st period - Zackary Nowry is hit by Adrien Karygiannis and loses puck.
11:00 of 1st period - Wrist shot by Jaryd Rooke.
11:00 of 1st period - Shot Blocked by Yaroslav Kalyayev.
11:30 of 1st period - Snap shot by Dalen Palmateer.
11:30 of 1st period - Stopped by Thatcher Goodyear with a rebound.
11:47 of 1st period - Slapshot by Uuno Piili.
11:47 of 1st period - Shot Misses the Net.
11:49 of 1st period - Snap shot by Olaf Brieger.
11:49 of 1st period - Stopped by Andrew Wiewel with a rebound.
12:01 of 1st period - Slapshot by Fox OCallahan.
12:01 of 1st period - Shot Misses the Net.
12:05 of 1st period - Snap shot by Olaf Brieger.
12:05 of 1st period - Deflect By Uuno Piili.
12:05 of 1st period - Stopped by Andrew Wiewel with a rebound.
12:07 of 1st period - Slapshot by Fox OCallahan.
12:07 of 1st period - Stopped by Andrew Wiewel with a rebound.
12:11 of 1st period - Snap shot by Uuno Piili.
12:11 of 1st period - Shot Blocked by Luke Vanni.
12:27 of 1st period - Snap shot by Dalen Palmateer.
12:27 of 1st period - Stopped by Thatcher Goodyear without a rebound.
12:28 of 1st period - Nils Lehman wins face-off versus Elie Van Der Male in Chaos zone.
12:59 of 1st period - Snap shot by David-Alexandre Williams.
12:59 of 1st period - Stopped by Andrew Wiewel without a rebound.
13:00 of 1st period - Zackary Nowry wins face-off versus Willem Halward in Muertos zone.
13:34 of 1st period - Snap shot by David-Alexandre Williams.
13:34 of 1st period - Stopped by Andrew Wiewel with a rebound.
13:36 of 1st period - Slapshot by Alexis Pitsadiotis.
13:36 of 1st period - Stopped by Andrew Wiewel without a rebound.
13:37 of 1st period - Elie Van Der Male wins face-off versus Nils Lehman in Muertos zone.
13:54 of 1st period - Slapshot by Donavon Sorley.
13:54 of 1st period - Deflect By Hale Labrecque.
13:54 of 1st period - Stopped by Thatcher Goodyear with a rebound.
14:04 of 1st period - Carl Stiles is hit by Fox OCallahan and loses puck.
14:27 of 1st period - Snap shot by Zackary Nowry.
14:27 of 1st period - Shot Misses the Net.
15:13 of 1st period - Nils Lehman is hit by Marcel Kacmarik and loses puck.
15:50 of 1st period - Wrist shot by Kody Schutz.
15:50 of 1st period - Stopped by Thatcher Goodyear with a rebound.
16:10 of 1st period - Snap shot by Leonard Bjorklund.
16:10 of 1st period - Stopped by Thatcher Goodyear without a rebound.
16:11 of 1st period - Willem Halward wins face-off versus Braydon Trinh in Chaos zone.
16:20 of 1st period - Snap shot by David-Alexandre Williams.
16:20 of 1st period - Deflect By Reinhold Lahdo.
16:20 of 1st period - Shot Misses the Net.
16:20 of 1st period - Puck is out of play.
16:21 of 1st period - Willem Halward wins face-off versus Elie Van Der Male in Muertos zone.
16:30 of 1st period - Johnathon Vreeland is hit by Carl Stiles and loses puck.
17:12 of 1st period - Snap shot by Uuno Piili.
17:12 of 1st period - Stopped by Andrew Wiewel without a rebound.
17:13 of 1st period - Dalen Palmateer wins face-off versus Nils Lehman in Muertos zone.
17:13 of 1st period - Dalen Palmateer is hit by Mikhail Chekvin.
17:23 of 1st period - Snap shot by Artem Ivalahti.
17:23 of 1st period - Stopped by Thatcher Goodyear without a rebound.
17:24 of 1st period - Elie Van Der Male wins face-off versus Nils Lehman in Chaos zone.
17:31 of 1st period - Slapshot by Donavon Sorley.
17:31 of 1st period - Shot Misses the Net.
18:14 of 1st period - Snap shot by Feng Xingyi.
18:14 of 1st period - Shot Blocked by Johnathon Vreeland.
18:16 of 1st period - Wrist shot by Carl Stiles.
18:16 of 1st period - Shot Misses the Net.
18:18 of 1st period - Slapshot by Carl Stiles.
18:18 of 1st period - Shot Misses the Net.
18:20 of 1st period - Slapshot by Feng Xingyi.
18:20 of 1st period - Shot Hit the Post.
18:22 of 1st period - Slapshot by Marcel Kacmarik.
18:22 of 1st period - Stopped by Thatcher Goodyear with a rebound.
18:24 of 1st period - Wrist shot by Dalen Palmateer.
18:24 of 1st period - Shot Misses the Net.
19:01 of 1st period - Reinhold Lahdo is hit by Jaryd Rooke and loses puck.
Goals for this period are 0 for Muertos vs 0 for Chaos.
Shots for this period are 11 for Muertos vs 10 for Chaos.
2nd Period

0:01 of 2nd period - Nils Lehman wins face-off versus Elie Van Der Male in neutral zone.
1:06 of 2nd period - Off-side.
1:07 of 2nd period - Sebastian Rehn wins face-off versus Braydon Trinh in neutral zone.
1:31 of 2nd period - Braydon Trinh is hit by Olan Koch and loses puck.
1:44 of 2nd period - Wrist shot by Leonard Bjorklund.
1:44 of 2nd period - Stopped by Thatcher Goodyear without a rebound.
1:45 of 2nd period - Elie Van Der Male wins face-off versus Willem Halward in Chaos zone.
1:50 of 2nd period - Snap shot by Hale Labrecque.
1:50 of 2nd period - Shot Misses the Net.
1:52 of 2nd period - Wrist shot by Donavon Sorley.
1:52 of 2nd period - Goal by Donavon Sorley - Muertos : 1 - Chaos : 0.
1:53 of 2nd period - Elie Van Der Male wins face-off versus Nils Lehman in neutral zone.
1:58 of 2nd period - Adrien Karygiannis is hit by Jaryd Rooke and loses puck.
2:10 of 2nd period - Wrist shot by Hale Labrecque.
2:10 of 2nd period - Shot Misses the Net.
2:30 of 2nd period - Wrist shot by Zackary Nowry.
2:30 of 2nd period - Deflect By Bruno-Carl Young.
2:30 of 2nd period - Shot Misses the Net.
2:30 of 2nd period - Puck is out of play.
2:31 of 2nd period - Willem Halward wins face-off versus Zackary Nowry in Chaos zone.
3:37 of 2nd period - Wrist shot by Hale Labrecque.
3:37 of 2nd period - Shot Blocked by Mikhail Chekvin.
4:14 of 2nd period - Slapshot by Johnathon Vreeland.
4:14 of 2nd period - Deflect By Mikhail Chekvin.
4:14 of 2nd period - Stopped by Andrew Wiewel with a rebound.
4:16 of 2nd period - Wrist shot by Mikhail Chekvin.
4:16 of 2nd period - Shot Misses the Net.
4:36 of 2nd period - Wrist shot by Dalen Palmateer.
4:36 of 2nd period - Stopped by Thatcher Goodyear with a rebound.
4:54 of 2nd period - Snap shot by Donavon Sorley.
4:54 of 2nd period - Stopped by Thatcher Goodyear without a rebound.
4:55 of 2nd period - Elie Van Der Male wins face-off versus Willem Halward in Chaos zone.
5:10 of 2nd period - Snap shot by Reinhold Lahdo.
5:10 of 2nd period - Stopped by Andrew Wiewel with a rebound.
6:03 of 2nd period - Zayden Rankine is hit by Willem Halward and loses puck.
6:23 of 2nd period - Snap shot by Fox OCallahan.
6:23 of 2nd period - Goal by Fox OCallahan - Muertos : 1 - Chaos : 1.
6:24 of 2nd period - Nils Lehman wins face-off versus Elie Van Der Male in neutral zone.
6:37 of 2nd period - Snap shot by Nils Lehman.
6:37 of 2nd period - Stopped by Andrew Wiewel with a rebound.
7:17 of 2nd period - Snap shot by Dalen Palmateer.
7:17 of 2nd period - Shot Misses the Net.
7:19 of 2nd period - Slapshot by Jaryd Rooke.
7:19 of 2nd period - Stopped by Thatcher Goodyear without a rebound.
7:20 of 2nd period - Willem Halward wins face-off versus Elie Van Der Male in Chaos zone.
7:41 of 2nd period - Wrist shot by David-Alexandre Williams.
7:41 of 2nd period - Stopped by Andrew Wiewel without a rebound.
7:42 of 2nd period - Zackary Nowry wins face-off versus Nils Lehman in Muertos zone.
7:42 of 2nd period - Bruno-Carl Young is hit by Adrien Karygiannis and loses puck.
8:58 of 2nd period - Wrist shot by Mikhail Chekvin.
8:58 of 2nd period - Shot Blocked by Luke Vanni.
9:08 of 2nd period - Slapshot by Luke Vanni.
9:08 of 2nd period - Shot Misses the Net.
9:10 of 2nd period - Slapshot by Bruno-Carl Young.
9:10 of 2nd period - Stopped by Thatcher Goodyear with a rebound.
9:12 of 2nd period - Snap shot by Zackary Nowry.
9:12 of 2nd period - Stopped by Thatcher Goodyear without a rebound.
9:13 of 2nd period - Willem Halward wins face-off versus Zackary Nowry in Chaos zone.
9:44 of 2nd period - Reinhold Lahdo is hit by Vsevolod Neretin and loses puck.
10:20 of 2nd period - Snap shot by David-Alexandre Williams.
10:20 of 2nd period - Stopped by Andrew Wiewel with a rebound.
10:22 of 2nd period - Snap shot by David-Alexandre Williams.
10:22 of 2nd period - Shot Misses the Net.
10:24 of 2nd period - Slapshot by Yaroslav Kalyayev.
10:24 of 2nd period - Shot Misses the Net.
10:26 of 2nd period - Wrist shot by David-Alexandre Williams.
10:26 of 2nd period - Shot Misses the Net.
10:28 of 2nd period - Slapshot by Yaroslav Kalyayev.
10:28 of 2nd period - Stopped by Andrew Wiewel with a rebound.
11:22 of 2nd period - Wrist shot by Zackary Nowry.
11:22 of 2nd period - Stopped by Thatcher Goodyear without a rebound.
11:23 of 2nd period - Nils Lehman wins face-off versus Dalen Palmateer in Chaos zone.
11:42 of 2nd period - Dalen Palmateer is hit by Rodion Noskov and loses puck.
12:46 of 2nd period - Uuno Piili is hit by Luke Vanni and loses puck.
13:05 of 2nd period - Olan Koch is hit by Zayden Rankine and loses puck.
13:18 of 2nd period - Elie Van Der Male is hit by Fox OCallahan.
13:36 of 2nd period - Marek Cipera is hit by Donavon Sorley and loses puck.
14:08 of 2nd period - Braydon Trinh is hit by Johnathon Vreeland and loses puck.
15:55 of 2nd period - Braydon Trinh is hit by Rodion Noskov and loses puck.
16:42 of 2nd period - Wrist shot by Donavon Sorley.
16:42 of 2nd period - Shot Misses the Net.
16:54 of 2nd period - Fox OCallahan is hit by Zayden Rankine and loses puck.
17:16 of 2nd period - Rodion Noskov is hit by Akio Nishiwaki and loses puck.
17:33 of 2nd period - Olaf Brieger is hit by Bruno-Carl Young and loses puck.
17:46 of 2nd period - Wrist shot by Kody Schutz.
17:46 of 2nd period - Shot Blocked by Fox OCallahan.
18:05 of 2nd period - Wrist shot by Hale Labrecque.
18:05 of 2nd period - Stopped by Thatcher Goodyear without a rebound.
18:06 of 2nd period - Nils Lehman wins face-off versus Zackary Nowry in Chaos zone.
18:30 of 2nd period - Carl Stiles is hit by Willem Halward and loses puck.
19:50 of 2nd period - Akio Nishiwaki is hit by Adrien Karygiannis and loses puck.
Goals for this period are 1 for Muertos vs 1 for Chaos.
Shots for this period are 9 for Muertos vs 7 for Chaos.
3rd Period

0:01 of 3rd period - Nils Lehman wins face-off versus Elie Van Der Male in neutral zone.
0:32 of 3rd period - Wrist shot by Dalen Palmateer.
0:32 of 3rd period - Stopped by Thatcher Goodyear without a rebound.
0:33 of 3rd period - Olaf Brieger wins face-off versus Artem Ivalahti in Chaos zone.
0:40 of 3rd period - Backhand shot by Pelle Jonson.
0:40 of 3rd period - Shot Blocked by Artem Ivalahti.
1:44 of 3rd period - Off-side.
1:45 of 3rd period - Zackary Nowry wins face-off versus Olaf Brieger in neutral zone.
2:12 of 3rd period - Wrist shot by Fox OCallahan.
2:12 of 3rd period - Shot Blocked by Donavon Sorley.
3:38 of 3rd period - Slapshot by Johnathon Vreeland.
3:38 of 3rd period - Stopped by Andrew Wiewel with a rebound.
3:52 of 3rd period - Yaroslav Kalyayev is hit by Dalen Palmateer and loses puck.
3:53 of 3rd period - Yaroslav Kalyayev from Chaos is injured at 3:53 of 3rd period (Groin).
3:54 of 3rd period - Nils Lehman wins face-off versus Elie Van Der Male in Chaos zone.
4:08 of 3rd period - Snap shot by Donavon Sorley.
4:08 of 3rd period - Shot Misses the Net.
4:14 of 3rd period - Alexis Pitsadiotis is hit by Jaryd Rooke and loses puck.
4:32 of 3rd period - Icing by Johnathon Vreeland.
4:33 of 3rd period - Olaf Brieger wins face-off versus Zackary Nowry in Chaos zone.
4:33 of 3rd period - Olaf Brieger is hit by Marcel Kacmarik.
5:01 of 3rd period - Snap shot by Bruno-Carl Young.
5:01 of 3rd period - Shot Blocked by Johnathon Vreeland.
5:11 of 3rd period - Fox OCallahan is hit by Marcel Kacmarik and loses puck.
5:32 of 3rd period - Wrist shot by Olaf Brieger.
5:32 of 3rd period - Shot Misses the Net.
5:38 of 3rd period - Wrist shot by Uuno Piili.
5:38 of 3rd period - Stopped by Andrew Wiewel with a rebound.
5:40 of 3rd period - Slapshot by Rodion Noskov.
5:40 of 3rd period - Stopped by Andrew Wiewel without a rebound.
5:41 of 3rd period - Elie Van Der Male wins face-off versus Nils Lehman in Muertos zone.
5:41 of 3rd period - Elie Van Der Male is hit by Adrien Karygiannis.
5:55 of 3rd period - Wrist shot by Nils Lehman.
5:55 of 3rd period - Stopped by Andrew Wiewel without a rebound.
5:56 of 3rd period - Dalen Palmateer wins face-off versus Nils Lehman in Muertos zone.
6:07 of 3rd period - Snap shot by Dalen Palmateer.
6:07 of 3rd period - Shot Misses the Net.
6:09 of 3rd period - Slapshot by Jaryd Rooke.
6:09 of 3rd period - Deflect By Dalen Palmateer.
6:09 of 3rd period - Shot Blocked by Adrien Karygiannis.
6:09 of 3rd period - Puck is out of play.
6:10 of 3rd period - Elie Van Der Male wins face-off versus Adrien Karygiannis in Chaos zone.
6:11 of 3rd period - Snap shot by Donavon Sorley.
6:11 of 3rd period - Shot Misses the Net.
6:35 of 3rd period - David-Alexandre Williams is hit by Luke Vanni and loses puck.
6:56 of 3rd period - Snap shot by Uuno Piili.
6:56 of 3rd period - Shot Misses the Net.
6:58 of 3rd period - Snap shot by Olaf Brieger.
6:58 of 3rd period - Shot Misses the Net.
7:36 of 3rd period - David-Alexandre Williams is hit by Donavon Sorley and loses puck.
7:55 of 3rd period - Wrist shot by Luke Vanni.
7:55 of 3rd period - Stopped by Thatcher Goodyear without a rebound.
7:56 of 3rd period - Dalen Palmateer wins face-off versus Olaf Brieger in Chaos zone.
8:04 of 3rd period - Snap shot by Dalen Palmateer.
8:04 of 3rd period - Stopped by Thatcher Goodyear with a rebound.
8:06 of 3rd period - Wrist shot by Dalen Palmateer.
8:06 of 3rd period - Shot Blocked by Uuno Piili.
8:08 of 3rd period - Snap shot by Feng Xingyi.
8:08 of 3rd period - Stopped by Thatcher Goodyear without a rebound.
8:09 of 3rd period - Elie Van Der Male wins face-off versus Nils Lehman in Chaos zone.
9:13 of 3rd period - Slapshot by Pelle Jonson.
9:13 of 3rd period - Stopped by Andrew Wiewel with a rebound.
9:15 of 3rd period - Slapshot by Willem Halward.
9:15 of 3rd period - Deflect By Luke Vanni.
9:15 of 3rd period - Stopped by Andrew Wiewel with a rebound.
9:17 of 3rd period - Slapshot by Pelle Jonson.
9:17 of 3rd period - Shot Blocked by Feng Xingyi.
9:19 of 3rd period - Slapshot by Pelle Jonson.
9:19 of 3rd period - Shot Blocked by Luke Vanni.
9:21 of 3rd period - Snap shot by Reinhold Lahdo.
9:21 of 3rd period - Stopped by Andrew Wiewel without a rebound.
9:22 of 3rd period - Nils Lehman wins face-off versus Elie Van Der Male in Muertos zone.
9:45 of 3rd period - Minor Penalty to Adrien Karygiannis for Tripping.
9:46 of 3rd period - Olaf Brieger wins face-off versus Dalen Palmateer in Chaos zone.
9:46 of 3rd period - Olaf Brieger is hit by Carl Stiles.
10:12 of 3rd period - Snap shot by Elie Van Der Male.
10:12 of 3rd period - Stopped by Thatcher Goodyear with a rebound.
10:14 of 3rd period - Slapshot by Jaryd Rooke.
10:14 of 3rd period - Shot Blocked by Marek Cipera.
10:20 of 3rd period - Snap shot by Hale Labrecque.
10:20 of 3rd period - Goal by Hale Labrecque - Muertos : 2 - Chaos : 1.
10:21 of 3rd period - Nils Lehman wins face-off versus Zackary Nowry in neutral zone.
10:26 of 3rd period - Snap shot by Mikhail Chekvin.
10:26 of 3rd period - Stopped by Andrew Wiewel with a rebound.
10:32 of 3rd period - Nils Lehman is hit by Zackary Nowry and loses puck.
11:56 of 3rd period - Off-side.
11:57 of 3rd period - Olaf Brieger wins face-off versus Elie Van Der Male in neutral zone.
12:13 of 3rd period - Off-side.
12:14 of 3rd period - Willem Halward wins face-off versus Dalen Palmateer in neutral zone.
12:32 of 3rd period - Off-side.
12:33 of 3rd period - Elie Van Der Male wins face-off versus Nils Lehman in neutral zone.
12:46 of 3rd period - Slapshot by Carl Stiles.
12:46 of 3rd period - Shot Blocked by Johnathon Vreeland.
13:00 of 3rd period - Bruno-Carl Young is hit by Uuno Piili and loses puck.
13:11 of 3rd period - Wrist shot by Uuno Piili.
13:11 of 3rd period - Shot Misses the Net.
13:20 of 3rd period - Off-side.
13:21 of 3rd period - Willem Halward wins face-off versus Dalen Palmateer in neutral zone.
13:24 of 3rd period - Jaryd Rooke is hit by David-Alexandre Williams and loses puck.
13:58 of 3rd period - Off-side.
13:59 of 3rd period - Olaf Brieger wins face-off versus Zackary Nowry in neutral zone.
14:02 of 3rd period - Marcel Kacmarik is hit by Fox OCallahan and loses puck.
14:11 of 3rd period - Wrist shot by Fox OCallahan.
14:11 of 3rd period - Shot Misses the Net.
14:13 of 3rd period - Slapshot by Pelle Jonson.
14:13 of 3rd period - Shot Blocked by Bruno-Carl Young.
14:15 of 3rd period - Snap shot by Fox OCallahan.
14:15 of 3rd period - Shot Blocked by Zackary Nowry.
14:30 of 3rd period - Nils Lehman is hit by Vsevolod Neretin and loses puck.
14:50 of 3rd period - Vsevolod Neretin is hit by Willem Halward and loses puck.
14:55 of 3rd period - Wrist shot by Willem Halward.
14:55 of 3rd period - Shot Misses the Net.
14:57 of 3rd period - Snap shot by Willem Halward.
14:57 of 3rd period - Shot Misses the Net.
14:59 of 3rd period - Snap shot by David-Alexandre Williams.
14:59 of 3rd period - Shot Misses the Net.
16:05 of 3rd period - Slapshot by Marcel Kacmarik.
16:05 of 3rd period - Stopped by Thatcher Goodyear without a rebound.
16:06 of 3rd period - Willem Halward wins face-off versus Dalen Palmateer in Chaos zone.
16:22 of 3rd period - Carl Stiles is hit by Fox OCallahan.
16:41 of 3rd period - Slapshot by Jaryd Rooke.
16:41 of 3rd period - Stopped by Thatcher Goodyear without a rebound.
16:42 of 3rd period - Nils Lehman wins face-off versus Zackary Nowry in Chaos zone.
17:13 of 3rd period - Snap shot by Fox OCallahan.
17:13 of 3rd period - Deflect By Uuno Piili.
17:13 of 3rd period - Shot Misses the Net.
17:13 of 3rd period - Puck is out of play.
17:14 of 3rd period - Olaf Brieger wins face-off versus Dalen Palmateer in Muertos zone.
17:23 of 3rd period - Wrist shot by Olaf Brieger.
17:23 of 3rd period - Stopped by Andrew Wiewel with a rebound.
17:25 of 3rd period - Snap shot by Fox OCallahan.
17:25 of 3rd period - Chaos goal is going for a video replay.
17:25 of 3rd period - The goal is refused. The puck has been kicked using a distinct kicking motion..
17:26 of 3rd period - Zackary Nowry wins face-off versus Nils Lehman in Muertos zone.
17:26 of 3rd period - Zackary Nowry is hit by Mikhail Chekvin.
17:48 of 3rd period - Minor Penalty to Marek Cipera for Holding.
17:49 of 3rd period - Elie Van Der Male wins face-off versus Sebastian Rehn in Chaos zone.
18:04 of 3rd period - Snap shot by Zackary Nowry.
18:04 of 3rd period - Stopped by Thatcher Goodyear without a rebound.
18:05 of 3rd period - Olaf Brieger wins face-off versus Kody Schutz in Chaos zone.
18:05 of 3rd period - Olaf Brieger is hit by Carl Stiles.
18:21 of 3rd period - Wrist shot by Kody Schutz.
18:21 of 3rd period - Shot Misses the Net.
18:31 of 3rd period - Carl Stiles is hit by Fox OCallahan and loses puck.
18:40 of 3rd period - Wrist shot by Hale Labrecque.
18:40 of 3rd period - Shot Blocked by Olaf Brieger.
18:42 of 3rd period - Snap shot by Elie Van Der Male.
18:42 of 3rd period - Stopped by Thatcher Goodyear without a rebound.
18:43 of 3rd period - Sebastian Rehn wins face-off versus Dalen Palmateer in Chaos zone.
18:54 of 3rd period - Alexis Pitsadiotis is hit by Donavon Sorley and loses puck.
18:59 of 3rd period - Wrist shot by Kody Schutz.
18:59 of 3rd period - Stopped by Thatcher Goodyear without a rebound.
19:00 of 3rd period - Ernest Howard call a timeout for Chaos.
19:00 of 3rd period - Sebastian Rehn wins face-off versus Elie Van Der Male in Chaos zone.
19:31 of 3rd period - Backhand shot by Luke Vanni.
19:31 of 3rd period - Deflect By Donavon Sorley.
19:31 of 3rd period - Stopped by Thatcher Goodyear without a rebound.
19:32 of 3rd period - Dalen Palmateer wins face-off versus Olaf Brieger in Chaos zone.
19:39 of 3rd period - Snap shot by Dalen Palmateer.
19:39 of 3rd period - Stopped by Thatcher Goodyear without a rebound.
19:40 of 3rd period - Dalen Palmateer wins face-off versus Sebastian Rehn in Chaos zone.
19:43 of 3rd period - Wrist shot by Kody Schutz.
19:43 of 3rd period - Goal by Kody Schutz - Muertos : 3 - Chaos : 1.
19:44 of 3rd period - Zackary Nowry wins face-off versus Olaf Brieger in neutral zone.
Goals for this period are 2 for Muertos vs 0 for Chaos.
Shots for this period are 14 for Muertos vs 10 for Chaos.

3 STARS

1st Star
G
31
SA 27
GA 1
SV% 0.963
TOI 60:00
2nd Star
LW
92
G 1
A 0
+/- 1
TOI 19:16
3rd Star
RW
12
G 1
A 1
+/- 0
TOI 17:12

Game Stats

MUE
VS
CHA
3 Goals 1
34 Shots 27
10 Blocked Shots 12
17 Missed Shots 19
42.6 Faceoff % 57.4
2 Power Plays 0
2 Power Play Goals 0
1 Power Play % 0

GAME DETAILS

VENUE
Unknown
CITY
Unknown
REFEREES
Kyle McCauley, Kerry Fraser
LINESMEN
Chazz Knoche, Austin March
ATTENDANCE
16,965